 Dungeon Crawl Stone Soup version 0.21-a0-633-g4c047d5 (webtiles) character file.

10897 Megalobster the Thaumaturge (level 11, -2/126 HPs)
             Began as a Gnoll Wanderer on Dec 28, 2017.
             Was a High Priest of Okawaru.
             Slain by a minotaur
             ... wielding a +0 battleaxe of pain
              (4 damage)
             ... in a labyrinth.
             The game lasted 01:00:44 (15445 turns).

Megalobster the Thaumaturge (Gnoll Wanderer)       Turns: 15445, Time: 01:00:45

Health: -2/126     AC: 10    Str: 20    XL:     11   Next: 69%
Magic:  33/33      EV: 22    Int: 17    God:    Okawaru [*****.]
Gold:   438        SH:  0    Dex: 15    Spells: 29/29 levels left

rFire    . . .     SeeInvis .   a - +6 battleaxe of Noon {chop, +Inv rC+ MP+9}
rCold    + . .     Gourm    .   (shield currently unavailable)
rNeg     . . .     Faith    .   p - +0 ring mail (curse)
rPois    +         Spirit   .   v - +0 helmet
rElec    .         Reflect  .   (no cloak)
rCorr    .         Harm     .   m - +0 pair of gloves
MR       .....                  (no boots)
Stlth    ..........             (no amulet)
HPRegen  0.31/turn              I - +4 ring of evasion
MPRegen  0.23/turn              H - ring of poison resistance

@: mighty, berserking, heroism, very quick
A: distributed training, fangs 1, strong nose
a: Heroism, Finesse, Renounce Religion, Evoke Invisibility


You were in a labyrinth.
You worshipped Okawaru.
Okawaru was extremely pleased with you.
You were not hungry.

You visited 3 branches of the dungeon, and saw 14 of its levels.
You also visited: Labyrinth.

You collected 851 gold pieces.
You spent 413 gold pieces at shops.

Inventory:

Hand Weapons
 a - the +6 battleaxe of Noon (weapon) {chop, +Inv rC+ MP+9}
   (You bought it in a shop on level 10 of the Dungeon)

   It inflicts extra damage upon your enemies.
   It protects you from cold.
   It affects your magic capacity (+9).
   It lets you turn invisible.
 b - a +2 dire flail of protection
 V - a +3 dagger of electrocution
 Z - a +0 blowgun
Missiles
 q - 325 stones (quivered)
 C - 36 poisoned needles
 W - 3 javelins of returning
 X - 4 tomahawks of returning
Armour
 k - a +2 scale mail
 m - a +0 pair of gloves (worn)
 n - a +0 buckler
 p - a cursed +0 ring mail (worn)
 v - a +0 helmet (worn)
 J - a +1 ring mail of poison resistance
Jewellery
 g - an uncursed ring of see invisible
 t - an uncursed ring of flight
 H - a ring of poison resistance (right hand)
 I - a +4 ring of evasion (left hand)
Wands
 l - a wand of digging (15)
 o - a wand of paralysis (14)
 y - a wand of polymorph (8)
 z - a wand of flame (20)
 E - a wand of iceblast (6)
 P - a wand of enslavement (20)
 T - a wand of acid (11)
Scrolls
 h - 3 scrolls of amnesia
 i - a scroll of fear
 j - 9 scrolls of teleportation
 r - a scroll of immolation
 s - 3 scrolls of remove curse
 x - a scroll of magic mapping
 K - a scroll of blinking {unknown}
 L - 3 scrolls of enchant armour
 N - a scroll of noise {unknown}
 R - 2 scrolls of fog
Potions
 e - a potion of cancellation {unknown}
 f - 4 potions of brilliance
 A - 2 potions of haste
 B - 2 potions of flight
 M - a potion of heal wounds
 Q - 3 potions of curing
 S - 2 potions of invisibility {unknown}
Comestibles
 d - 15 rations


   Skills:
 + Level 7.0(12.0) Fighting
 + Level 6.4(11.4) Short Blades
 + Level 6.4(11.4) Long Blades
 + Level 6.4(11.4) Axes
 + Level 7.0(12.0) Maces & Flails
 + Level 6.4(11.4) Polearms
 + Level 6.4(11.4) Staves
 + Level 6.4(11.4) Slings
 + Level 6.4(11.4) Bows
 + Level 6.4(11.4) Crossbows
 + Level 7.0(12.0) Throwing
 + Level 7.0(12.0) Armour
 + Level 6.4(11.4) Dodging
 + Level 6.9(11.9) Stealth
 + Level 6.4(11.4) Shields
 + Level 6.4(11.4) Unarmed Combat
 + Level 9.6 Spellcasting
 + Level 6.6 Conjurations
 + Level 5.3 Hexes
 + Level 5.3 Charms
 + Level 5.3 Summonings
 + Level 5.3 Necromancy
 + Level 5.3 Translocations
 + Level 5.3 Transmutations
 + Level 5.3 Fire Magic
 + Level 5.3 Ice Magic
 + Level 5.3 Air Magic
 + Level 5.3 Earth Magic
 + Level 5.3 Poison Magic
 + Level 7.0 Invocations
 + Level 6.4 Evocations


You had 29 spell levels left.
You didn't know any spells.

Dungeon Overview and Level Annotations

Branches:
Dungeon (11/15)            Temple (1/1) D:5            Lair (2/6) D:10
    Orc (0/2) D:10
  Swamp: Lair:2-4    Shoals: Lair:2-4     Snake: Lair:2-4    Spider: Lair:2-4

Altars:
Ashenzari
Cheibriados
Dithmenos
Elyvilon
Fedhas
Gozag
Hepliaklqana
Kikubaaqudgha
Makhleb
Nemelex Xobeh
Okawaru
Qazlal
Ru
Sif Muna
Trog
Uskayaw
Vehumet
Wu Jian
Xom
Yredelemnul
Zin
The Shining One

Shops:
D:8 *   D:10 (

Annotations:
Lair:1 exclusion: 3 oklob plants


Innate Abilities, Weirdness & Mutations

Your experience applies equally to all skills.
You have very sharp teeth.
Your uncanny sense of smell can sniff out nearby items.


Message History

The minotaur gores you but does no damage.
Your ring mail prevents you from hitting the minotaur.
You bite the minotaur, but do no damage.
The minotaur is moderately wounded.
The minotaur hits you with a battleaxe of pain!!
The minotaur gores you!
A red film seems to cover your vision as you go berserk!
You feel yourself moving faster!
You feel mighty!
The minotaur hits you with a battleaxe of pain!!!
* * * LOW HITPOINT WARNING * * *
You writhe in agony.
* * * LOW HITPOINT WARNING * * *
The minotaur gores you.
* * * LOW HITPOINT WARNING * * *
You slice the minotaur!! You bite the minotaur!
The minotaur is severely wounded.
You slash the minotaur!
The minotaur is almost dead.
The minotaur completely misses you. The minotaur gores you.
You die...

# # . . . # #
####### .
#≈≈≈≈≈#
#≈≈<≈≈#
#≈.H.≈# #.#
###@### ## .#
## #.....# # #
.#.# #.###'###
# # # .# #
#.......#.# #
#.#
.#.......#.#.#
.#
#########.#.#
#.# . . ...#.
.....#.#...
##.#.#. .# ##
# #.# . . # #
.... .. . #


You could see a minotaur.

Vanquished Creatures
  Josephine (D:10)
  5 two-headed ogres
  2 spiny frogs (Lair:1)
  The ghost of Lanoc the Slasher, an amateur GnCK of Xom (D:5)
  2 hippogriffs (D:11)
  A redback (Lab)
  A wyvern (D:11)
  4 wraiths (D:10)
  2 hungry ghosts (Lab)
  2 wargs (D:10)
  Menkaure (D:6)
  3 porcupines (Lair:1)
  2 water moccasins
  3 orc warriors
  2 ice beasts
  3 sky beasts
  2 phantoms
  2 ogres
  2 necrophages
  2 black bears
  A centaur (D:5)
  2 crocodiles
  2 big kobolds (D:11)
  3 bullfrogs
  A wyvern skeleton (D:11)
  6 killer bees (D:7)
  A scorpion (D:6)
  2 electric eels (Lair:1)
  2 crimson imps
  A centaur zombie (D:5)
  A bullfrog zombie (D:8)
  5 hounds
  A jelly (D:8)
  5 orc priests
  2 bullfrog skeletons
  2 centaur skeletons
  6 orc wizards
  5 iguanas
  6 worker ants
  A hound zombie (D:8)
  3 hound skeletons
  11 adders
  7 gnolls (D:6)
  A shadow imp (D:5)
  2 oozes
  An adder zombie (D:9)
  3 worms
  6 leopard geckos
  14 orcs
  2 ball pythons
  4 bats
  5 giant cockroaches
  13 goblins
  14 hobgoblins
  9 jackals
  2 quokkas
  4 frilled lizards
  A jackal skeleton (D:7)
  16 kobolds
  2 leopard gecko skeletons (D:6)
  A leopard gecko zombie (D:6)
  A quokka skeleton (D:4)
  7 rats
  4 plants (Lair:1)
231 creatures vanquished.

Vanquished Creatures (collateral kills)
  An orc (D:9)
1 creature vanquished.

Vanquished Creatures (others)
  3 plants (Lair:1)
3 creatures vanquished.

Grand Total: 235 creatures vanquished

Notes
Turn   | Place    | Note
-------+----------+-------------------------------------------
     0 | D:1      | Megalobster the Gnoll Wanderer began the quest for the Orb.
     0 | D:1      | Megalobster set off with: a +2 scale mail, a scroll of teleportation, a +0 dagger, a ration
     0 | D:1      | Reached XP level 1. HP: 17/17 MP: 8/8
    96 | D:1      | Reached XP level 2. HP: 23/23 MP: 10/10
   676 | D:1      | Reached XP level 3. HP: 28/28 MP: 11/11
   957 | D:2      | Reached skill level 1 in Invocations
   996 | D:2      | Reached skill level 1 in Short Blades
   996 | D:2      | Reached skill level 1 in Long Blades
   996 | D:2      | Reached skill level 1 in Axes
   996 | D:2      | Reached skill level 1 in Polearms
   996 | D:2      | Reached skill level 1 in Staves
   996 | D:2      | Reached skill level 1 in Slings
   996 | D:2      | Reached skill level 1 in Bows
   996 | D:2      | Reached skill level 1 in Crossbows
   996 | D:2      | Reached skill level 1 in Dodging
   996 | D:2      | Reached skill level 1 in Shields
   996 | D:2      | Reached skill level 1 in Unarmed Combat
   996 | D:2      | Reached skill level 1 in Evocations
  1001 | D:2      | Reached XP level 4. HP: 30/34 MP: 13/13
  1648 | D:3      | Found an opulent altar of Gozag.
  1712 | D:3      | Reached skill level 1 in Hexes
  1712 | D:3      | Reached skill level 1 in Charms
  1712 | D:3      | Reached skill level 1 in Summonings
  1712 | D:3      | Reached skill level 1 in Necromancy
  1712 | D:3      | Reached skill level 1 in Translocations
  1712 | D:3      | Reached skill level 1 in Transmutations
  1712 | D:3      | Reached skill level 1 in Fire Magic
  1712 | D:3      | Reached skill level 1 in Ice Magic
  1712 | D:3      | Reached skill level 1 in Air Magic
  1712 | D:3      | Reached skill level 1 in Earth Magic
  1712 | D:3      | Reached skill level 1 in Poison Magic
  2182 | D:3      | Reached XP level 5. HP: 40/40 MP: 14/14
  2648 | D:4      | Reached XP level 6. HP: 47/47 MP: 16/16
  3355 | D:5      | Entered Level 5 of the Dungeon
  3404 | D:5      | Found a staircase to the Ecumenical Temple.
  3463 | D:5      | Noticed a sky beast
  3469 | D:5      | Reached XP level 7. HP: 49/52 MP: 18/18
  3707 | Temple   | Entered the Ecumenical Temple
  3851 | Temple   | Became a worshipper of Warmaster Okawaru
  3872 | D:5      | Found a shattered altar of Ashenzari.
  4295 | D:5      | Noticed Lanoc's ghost (amateur GnCK)
  4501 | D:5      | Found a snail-covered altar of Cheibriados.
  4974 | D:5      | Killed Lanoc's ghost
  4974 | D:5      | Reached XP level 8. HP: 37/60 MP: 19/19
  4993 | D:5      | Found a bloodstained altar of Trog.
  5185 | D:5      | Reached * piety under Okawaru
  5334 | D:6      | Noticed Menkaure
  5376 | D:6      | Killed Menkaure
  5727 | D:6      | Reached skill level 8 in Spellcasting
  6253 | D:6      | Reached XP level 9. HP: 32/66 MP: 21/21
  6521 | D:6      | Reached skill level 5 in Conjurations
  6861 | D:6      | You fall through a shaft!
  7021 | D:6      | Found an ancient bone altar of Kikubaaqudgha.
  7980 | D:7      | Reached ** piety under Okawaru
  8528 | D:8      | Noticed a two-headed ogre
  8551 | D:8      | Killed a two-headed ogre
  8551 | D:8      | Reached skill level 5 in Fighting
  8551 | D:8      | Reached skill level 5 in Maces & Flails
  8551 | D:8      | Reached skill level 5 in Throwing
  8551 | D:8      | Reached skill level 5 in Armour
  8551 | D:8      | Reached skill level 5 in Stealth
  8551 | D:8      | Reached skill level 5 in Invocations
  8698 | D:8      | Found Sexzoa's General Store.
  8740 | D:8      | Bought a scroll of teleportation for 48 gold pieces
  8740 | D:8      | Bought a scroll of remove curse for 48 gold pieces
  8740 | D:8      | Bought a scroll of identify for 32 gold pieces
  8740 | D:8      | Bought a scroll of fog for 32 gold pieces
  8917 | D:8      | Noticed a two-headed ogre
  8933 | D:8      | Killed a two-headed ogre
  8933 | D:8      | Reached *** piety under Okawaru
  8933 | D:8      | Reached XP level 10. HP: 69/75 MP: 20/22
  9734 | D:9      | Reached skill level 5 in Short Blades
  9734 | D:9      | Reached skill level 5 in Long Blades
  9734 | D:9      | Reached skill level 5 in Axes
  9734 | D:9      | Reached skill level 5 in Polearms
  9734 | D:9      | Reached skill level 5 in Staves
  9734 | D:9      | Reached skill level 5 in Slings
  9734 | D:9      | Reached skill level 5 in Bows
  9734 | D:9      | Reached skill level 5 in Crossbows
  9734 | D:9      | Reached skill level 5 in Dodging
  9734 | D:9      | Reached skill level 5 in Shields
  9734 | D:9      | Reached skill level 5 in Unarmed Combat
  9734 | D:9      | Reached skill level 5 in Evocations
 10414 | D:9      | Found a burning altar of Makhleb.
 10673 | D:10     | Entered Level 10 of the Dungeon
 10701 | D:10     | Found Poyfow's Antique Weapon Shoppe.
 10710 | D:10     | Bought a twisted battleaxe for 253 gold pieces
 10715 | D:10     | Identified the +6 battleaxe of Noon {chop, +Inv rC+ MP+9} (You bought it in a shop on level 10 of the Dungeon)
 10978 | D:10     | Found a staircase to the Lair.
 11017 | D:10     | Reached skill level 9 in Spellcasting
 11147 | D:10     | Reached **** piety under Okawaru
 11257 | D:10     | Noticed Josephine
 11268 | D:10     | Killed Josephine
 11857 | D:10     | Found a staircase to the Orcish Mines.
 12125 | D:11     | Reached XP level 11. HP: 63/80 MP: 24/24
 12358 | D:11     | Received a gift from Okawaru
 13019 | D:11     | Noticed a two-headed ogre
 13023 | D:11     | Noticed a two-headed ogre
 13025 | D:11     | Killed a two-headed ogre
 13033 | D:11     | Killed a two-headed ogre
 13033 | D:11     | Received a gift from Okawaru
 13033 | D:11     | Reached skill level 5 in Hexes
 13033 | D:11     | Reached skill level 5 in Charms
 13033 | D:11     | Reached skill level 5 in Summonings
 13033 | D:11     | Reached skill level 5 in Necromancy
 13033 | D:11     | Reached skill level 5 in Translocations
 13033 | D:11     | Reached skill level 5 in Transmutations
 13033 | D:11     | Reached skill level 5 in Fire Magic
 13033 | D:11     | Reached skill level 5 in Ice Magic
 13033 | D:11     | Reached skill level 5 in Air Magic
 13033 | D:11     | Reached skill level 5 in Earth Magic
 13033 | D:11     | Reached skill level 5 in Poison Magic
 13055 | D:11     | Noticed a two-headed ogre
 13064 | D:11     | Killed a two-headed ogre
 13470 | D:11     | Reached ***** piety under Okawaru
 13711 | D:11     | Received a gift from Okawaru
 13827 | Lair:1   | Entered Level 1 of the Lair of Beasts
 14214 | Lair:1   | Found an ornate altar of the Wu Jian Council.
 14253 | Lair:1   | Noticed an oklob plant
 14825 | Lair:1   | Noticed an oklob plant
 14976 | Lair:1   | Noticed an oklob plant
 15090 | Lair:2   | Found a labyrinth entrance.
 15095 | Lab      | Entered a labyrinth
 15435 | Lab      | Noticed a minotaur
 15443 | Lab      | HP: 6/126 [minotaur/battleaxe of pain (37)]
 15443 | Lab      | HP: 2/126 [minotaur/battleaxe of pain (3)]
 15445 | Lab      | Slain by a minotaur

Vault maps used:
D:1:      dpeg_arrival_concentric_ovals, st_stairs_9
D:2:      minmay_kobold_bridge
D:3:      grunt_gozag_statues
D:4:      first_ration, minmay_goblin_outpost
D:5:      slow_altar_1, bloody_trog, ashenzari_conservatory_becter,
          minmay_temple_entry_grid
D:6:      lemuel_coloured_pillars_altar, serial_curves, eino_curves_02,
          eino_curves_04, grunt_decor_mini_mirrors, uniq_menkaure
D:8:      serial_shops, nicolae_shop_statue_plus
D:9:      makhleb_blood_cavern_becter
D:10:     erik_lair_orcish_takeover, orc_0_dummy, serial_shops,
          nicolae_shop_crystal, uniq_josephine
D:11:     blue_anna_alchemist
Temple:   regret_index_temple_sphere_string
Lair:1:   basic_altar, serial_bayou_shore_a, minmay_lair_oklob_chamber
Lair:2:   beast_lair_carwin_large_2, lab_entry_generic,
          portal_ice_cave_entry_pillars_2, lemuel_fruit_fields
Lab:      labyrinth_watery, labyrinth_skeletal_remains, lab_statue,
          labyrinth_fake_exit, nicolae_lab_hexagon

Skill      XL: |  1  2  3  4  5  6  7  8  9 10 11 |
---------------+----------------------------------+-----
Invocations    | 1 2 3 4 5 6 7 |  7.0
Short Blades   | 1 2 3 4 5 6 |  6.4
Long Blades    | 1 2 3 4 5 6 |  6.4
Axes           | 1 2 3 4 5 6 |  6.4
Polearms       | 1 2 3 4 5 6 |  6.4
Staves         | 1 2 3 4 5 6 |  6.4
Slings         | 1 2 3 4 5 6 |  6.4
Bows           | 1 2 3 4 5 6 |  6.4
Crossbows      | 1 2 3 4 5 6 |  6.4
Dodging        | 1 2 3 4 5 6 |  6.4
Shields        | 1 2 3 4 5 6 |  6.4
Unarmed Combat | 1 2 3 4 5 6 |  6.4
Evocations     | 1 2 3 4 5 6 |  6.4
Hexes          | 1 2 3 4 5 |  5.3
Charms         | 1 2 3 4 5 |  5.3
Summonings     | 1 2 3 4 5 |  5.3
Necromancy     | 1 2 3 4 5 |  5.3
Translocations | 1 2 3 4 5 |  5.3
Transmutations | 1 2 3 4 5 |  5.3
Fire Magic     | 1 2 3 4 5 |  5.3
Ice Magic      | 1 2 3 4 5 |  5.3
Air Magic      | 1 2 3 4 5 |  5.3
Earth Magic    | 1 2 3 4 5 |  5.3
Poison Magic   | 1 2 3 4 5 |  5.3
Fighting       | 3 4 5 6 7 |  7.0
Maces & Flails | 3 4 5 6 7 |  7.0
Throwing       | 3 4 5 6 7 |  7.0
Armour         | 3 4 5 6 7 |  7.0
Conjurations   | 4 5 6 |  6.6
Stealth        | 3 4 5 6 |  6.9
Spellcasting   | 8 9 |  9.6

Action                   |  1- 3 |  4- 6 |  7- 9 | 10-12 || total
-------------------------+-------+-------+-------+-------++-------
Melee: Dagger            |   136 |   201 |   470 |    75 ||   882
       Bite              |    12 |    18 |    39 |    30 ||    99
       Punch             |     1 |     1 |       |       ||     2
       Battleaxe         |       |       |       |   226 ||   226
       Dire flail        |       |       |       |    10 ||    10
Throw: Stone             |       |     6 |    22 |    73 ||   101
       Tomahawk          |       |       |       |     5 ||     5
Invok: Heroism           |       |       |     3 |     7 ||    10
Evoke: Wand              |       |       |       |    14 ||    14
  Use: Scroll            |       |     7 |     7 |     1 ||    15
       Potion            |       |       |    10 |     3 ||    13
 Stab: Paralysed         |       |       |       |     6 ||     6
       Distracted        |       |       |       |     1 ||     1
       Sleeping          |       |       |       |     1 ||     1
  Eat: Chunk             |       |     4 |     5 |     3 ||    12
       Ration            |       |     2 |     3 |     7 ||    12
Armor: Scale mail        |    72 |    87 |   125 |    98 ||   382
       Ring mail         |       |       |       |     2 ||     2
Dodge: Dodged            |    50 |    71 |   236 |   223 ||   580
Block: Buckler           |       |    11 |    91 |    12 ||   114

Table legend:
 A = Spawn XP
 B = Non-spawn XP
 C = Spawn XP percentage of total XP
 D = Spawn monster count
 E = Non-spawn monster count
 F = Spawn count percentage of total count
 G = Total turns spent on level
                    A         B        C        D         E        F      G
               +---------+---------+-------+---------+---------+-------+---------
         Total |       0 |   15568 |   0.0 |       0 |     228 |   0.0 | 15445
               +---------+---------+-------+---------+---------+-------+---------
           D:1 |       0 |      46 |   0.0 |       0 |      26 |   0.0 |   845
           D:2 |       0 |      65 |   0.0 |       0 |      25 |   0.0 |   786
           D:3 |       0 |      93 |   0.0 |       0 |      14 |   0.0 |   938
           D:4 |       0 |     407 |   0.0 |       0 |      18 |   0.0 |  1552
           D:5 |       0 |     898 |   0.0 |       0 |      23 |   0.0 |  1018
           D:6 |       0 |    1210 |   0.0 |       0 |      33 |   0.0 |  1845
           D:7 |       0 |     549 |   0.0 |       0 |      14 |   0.0 |  1318
           D:8 |       0 |    2024 |   0.0 |       0 |       9 |   0.0 |  1126
           D:9 |       0 |     792 |   0.0 |       0 |      12 |   0.0 |  1090
          D:10 |       0 |    2985 |   0.0 |       0 |      18 |   0.0 |  1419
          D:11 |       0 |    4295 |   0.0 |       0 |      24 |   0.0 |  1735
        Lair:1 |       0 |    1600 |   0.0 |       0 |       9 |   0.0 |  1263
           Lab |       0 |     604 |   0.0 |       0 |       3 |   0.0 |   350
               +---------+---------+-------+---------+---------+-------+---------
